 Dungeon Crawl Stone Soup version 0.25-a0-842-g81a31cfd23 (webtiles) character file.

Game seed: 7423720432530134127, levelgen mode: deterministic

567738 devtcp the Slayer (level 25, -7/250 HPs)
             Began as a Minotaur Berserker on Apr 25, 2020.
             Was the Champion of Trog.
             Killed from afar by an orb of fire (12 damage)
             ... with a bolt of fire
             ... on level 5 of the Realm of Zot.
             The game lasted 05:20:19 (62645 turns).

devtcp the Slayer (Minotaur Berserker)             Turns: 62645, Time: 05:20:20

Health: -7/250     AC: 43    Str: 33 (35) XL:     25   Next: 54%
Magic:  15/15      EV: 21    Int:  6 (7)  God:    Trog [******]
Gold:   1931       SH:  0    Dex: 15      Spells: 24/24 levels left

rFire    + + +     SeeInvis +   i - +13 executioner's axe "Pycor" {flame, +Rage Int+2}
rCold    + + .     Gourm    .   (shield currently unavailable)
rNeg     . . .     Faith    +   e - +4 gold dragon scales
rPois    +         Spirit   .   C - +0 hat "Niqoz" {Dex+3 Stlth+}
rElec    .         Reflect  .   d - +5 cloak "Uboirchu" {rPois rF++ rC+ Dex-2}
rCorr    .         Harm     .   q - +2 pair of gloves
MR       +++..     Rnd*Rage +   m - +0 pair of boots {Stlth+}
Stlth    ..........             a - amulet of faith {!P}
HPRegen  0.51/turn              X - ring "Kugoew" {MR+ Str+7 Int+3 SInv Stlth-}
MPRegen  0.14/turn              y - ring of protection from magic

@: no status effects
A: retaliatory headbutt, horns 2, berserk 1, clumsy 1, deterioration 1, dopey 1,
fire resistance 1, low mp 3, MP-powered wands
}: 3/15 runes: decaying, abyssal, gossamer
a: Berserk, Trog's Hand, Brothers in Arms, Renounce Religion, Evoke Berserk Rage


You were on level 5 of the Realm of Zot.
You worshipped Trog.
Trog was exalted by your worship.
You were hungry.

You visited 10 branches of the dungeon, and saw 47 of its levels.
You visited the Abyss 1 time.
You visited 1 bazaar.

You collected 6103 gold pieces.
You spent 4172 gold pieces at shops.

Inventory:

Hand Weapons
 i - the +13 executioner's axe "Pycor" (weapon) {flame, +Rage Int+2}
   (Trog gifted it to you on level 4 of the Spider Nest)

   It has been specially enchanted to burn those struck by it, causing extra
   injury to most foes and up to half again as much damage against particularly
   susceptible opponents.
   Big, fiery blades are also staple armaments of hydra-hunters.
   It affects your intelligence (+2).
   It lets you go berserk.
Missiles
 Y - 4 boomerangs of dispersal (quivered)
Armour
 b - the +9 ice dragon scales of the Wilderness {rF- rC++ Str+2 Dex+3}
   (You found it on level 6 of the Lair of Beasts)

   It affects your strength (+2).
   It affects your dexterity (+3).
   It makes you vulnerable to fire.
   It greatly protects you from cold.
 d - the +5 cloak "Uboirchu" (worn) {rPois rF++ rC+ Dex-2}
   (You found it on level 13 of the Dungeon)

   It affects your dexterity (-2).
   It greatly protects you from fire.
   It protects you from cold.
   It protects you from poison.
 e - +4 gold dragon scales (worn)
 m - a +0 pair of boots of stealth (worn)
 q - a +2 pair of gloves (worn)
 C - the +0 hat "Niqoz" (worn) {Dex+3 Stlth+}
   (You acquired it on level 2 of the Vaults)

   It affects your dexterity (+3).
   It makes you more stealthy.
 Z - the cursed +0 chain mail of Dramatic Exits {+Fly rN+}
   (You found it on level 5 of the Realm of Zot)

   It protects you from negative energy.
   It lets you fly.
   It has a curse placed upon it.
Jewellery
 a - an amulet of faith (around neck) {!P}
 j - the ring "Zar Ut Ecub" {*Corrode rF+ rC- rN+++ Dex-2}
   (You bought it in a shop on level 3 of the Vaults)

   [ring of dexterity]

   It affects your dexterity (-2).
   It protects you from fire.
   It makes you vulnerable to cold.
   It renders you almost immune to negative energy.
   It may corrode you when you take damage.
 u - an uncursed ring of resist corrosion
 v - an uncursed ring of protection from fire
 x - an uncursed ring of protection from cold
 y - a ring of protection from magic (right hand)
 A - an uncursed ring of see invisible
 E - an uncursed ring of poison resistance
 X - the ring "Kugoew" (left hand) {MR+ Str+7 Int+3 SInv Stlth-}
   (You bought it in a shop on level 3 of the Vaults)

   [ring of protection from magic]

   It affects your strength (+7).
   It affects your intelligence (+3).
   It affects your resistance to hostile enchantments.
   It lets you see invisible.
   It makes you less stealthy.
Wands
 o - a wand of flame (181)
 s - a wand of enslavement (36)
 z - a wand of disintegration (61) {!d}
 D - a wand of acid (8)
 G - a wand of paralysis (27)
 S - a wand of polymorph (27)
Scrolls
 c - 3 scrolls of blinking {!d}
 g - 16 scrolls of identify {!d}
 n - a scroll of summoning
 r - 27 scrolls of remove curse
 t - 22 scrolls of teleportation {!d}
 w - 2 scrolls of fear
 I - 2 scrolls of torment
 P - 3 scrolls of magic mapping {!r!d}
 Q - 5 scrolls of fog
 T - 5 scrolls of immolation {!d}
 W - 5 scrolls of enchant weapon
Potions
 f - 6 potions of might
 h - 8 potions of berserk rage {!q}
 k - 7 potions of flight
 l - 4 potions of lignification {!d}
 B - 9 potions of ambrosia {!q!d}
 H - 3 potions of invisibility {!q!d}
 J - 5 potions of magic {!q!d}
 K - a potion of cancellation {!q!d}
 L - 3 potions of resistance {!q!d}
 M - a potion of heal wounds {!q!d}
 N - 25 potions of curing {!q!d}
 U - 6 potions of mutation {!d}
 V - 6 potions of brilliance {!q!d}
Miscellaneous
 F - a lightning rod (4/4)
 R - 3 tins of tremorstones
Comestibles
 p - 38 rations {!d}


   Skills:
 + Level 25.3 Fighting
   Level 6.0 Short Blades
 - Level 25.1(26.0) Axes
   Level 13.5(20.8) Polearms
 + Level 25.2 Armour
 + Level 22.2 Dodging


You had 24 spell levels left.
You didn't know any spells.
Your spell library contained the following spells:

 Spells                   Type           Power        Failure   Level  Hunger
 Beastly Appendage        Tmut           #.....       95%         1    ##.....
 Summon Small Mammal      Summ           #...         95%         1    ##.....
 Call Imp                 Summ           #.......     99%         2    ###....
 Corpse Rot               Necr/Air       N/A          99%         2    ###....
 Ensorcelled Hibernation  Hex/Ice        #.....       99%         2    ###....
 Sticks to Snakes         Tmut           #.......     99%         2    ###....
 Sublimation of Blood     Necr           #.........   99%         2    ###....
 Call Canine Familiar     Summ           #.......     100%        3    ####...
 Spider Form              Tmut/Pois      #.........   100%        3    ####...
 Summon Guardian Golem    Hex/Summ       #.......     100%        3    ####...
 Dispel Undead            Necr           #.......     100%        4    #####..
 Ice Form                 Ice/Tmut       #.......     100%        4    #####..
 Petrify                  Tmut/Erth      #.......     100%        4    #####..
 Summon Ice Beast         Ice/Summ       #.......     100%        4    #####..
 Summon Lightning Spire   Summ/Air       #.......     100%        4    #####..
 Agony                    Necr           #.......     100%        5    ######.
 Blade Hands              Tmut           #.........   100%        5    ######.
 Borgnjor's Vile Clutch   Necr/Erth      #.........   100%        5    ######.
 Excruciating Wounds      Chrm/Necr      #.........   100%        5    ######.
 Irradiate                Conj/Tmut      #.........   100%        5    ######.
 Metabolic Englaciation   Hex/Ice        #.........   100%        5    ######.
 Silence                  Hex/Air        #.........   100%        5    ######.
 Yara's Violent Unravell  Hex/Tmut       #.........   100%        5    ######.
 Darkness                 Hex            #.........   100%        6    #######
 Freezing Cloud           Conj/Ice/Air   #.........   100%        6    #######
 Hydra Form               Tmut           #.........   100%        6    #######
 Ozocubu's Refrigeration  Ice            #.........   100%        6    #######
 Shadow Creatures         Summ           N/A          100%        6    #######
 Simulacrum               Ice/Necr       #.........   100%        6    #######
 Statue Form              Tmut/Erth      #........    100%        6    #######
 Dragon Form              Tmut           #.........   100%        7    #######
 Malign Gateway           Summ/Tloc      #.........   100%        7    #######
 Monstrous Menagerie      Summ           #.........   100%        7    #######
 Summon Greater Demon     Summ           #.........   100%        7    #######
 Summon Horrible Things   Summ           #.........   100%        8    #######


Dungeon Overview and Level Annotations

Branches:
Dungeon (15/15)            Temple (1/1) D:6            Lair (6/6) D:11
  Swamp (4/4) Lair:4       Spider (4/4) Lair:3        Slime (0/5) Lair:5
    Orc (2/2) D:9             Elf (1/3) Orc:2        Vaults (4/5) D:14
  Crypt (0/3) Vaults:2     Depths (5/5) D:15            Zot (5/5) Depths:5

Altars:
Ashenzari
Cheibriados
Dithmenos
Elyvilon
Fedhas
Gozag
Hepliaklqana
Kikubaaqudgha
Makhleb
Nemelex Xobeh
Okawaru
Qazlal
Ru
Sif Muna
Trog
Uskayaw
Vehumet
Wu Jian
Xom
Yredelemnul
Zin
The Shining One
Beogh
Jiyva

Shops:
D:5 !   D:13 :   Orc:1 !   Orc:2 :?}[*   Vaults:1 [%?   Vaults:2 (   Vaults:3 =
Depths:3 }=}   Depths:5 *

Portals:
Hell: Depths:1 Depths:2 Depths:3 Depths:4 Depths:5
Abyss: Depths:2 Depths:4
Pandemonium: Depths:3 Depths:4
Ziggurat: Depths:4

Annotations:
D:4 1 runed translucent door, anet's ghost, amateur GnHu


Innate Abilities, Weirdness & Mutations

You reflexively headbutt those who attack you in melee.
You have a pair of horns on your head.
You tend to lose your temper in combat.
You are clumsy. (Dex -2)
Your body sometimes deteriorates upon taking damage.
You are dopey. (Int -2)
Your flesh is heat resistant. (rF+)
Your magical capacity is extremely low. (-30% MP)
You expend magic power (3 MP) to strengthen your wands.


Message History

Press: ? - help, v - describe, . - travel, g - get item
Here: a Killer Klown, wielding a +10 club of flaming The Orb of Zot.
The floor.
Press: ? - help, v - describe, . - travel
Here: a Killer Klown, wielding a +10 vorpal club (heavily wounded)
The floor.
Really quaff
K - 2 potions of cancellation {!q!d}?
Your magical effects are unravelling.
You feel magically purged.
Your magical contamination has completely faded away.
You feel yourself slow down.
You flicker back into view.
Your hearing returns.
The sentinel's mark upon you fades away.
You feel less vulnerable to fire.
The black draconian breathes lightning at you.
The bolt of lightning misses you.
The orb of fire glows red.
The bolt of fire hits you! You resist.
You die...

▓▓...... .. ▓▓▓▓▓▓▓▓▓
▓......^ .p.
▓▓§§§.§§.▓▓▓.......
....▓▓.C..*§...▓▓.......
D.▓d^.§..(..^.▓.....(.
.pd..p§.0......).))...
.▓.§§.p§X§D..▓.......
▓▓.X..§.X8.▓▓.......
▓▓@......▓▓▓.......
▓▓▓▓▓▓▓▓▓ #....^.^
##...... ##▓.... ▓▓▓▓^
▓▓▓▓▓▓▓▓▓# #▓▓▓▓▓
......^..### ###..)))
.....##....## ##....##)
...
###...###########...###.)


You could see an orb of fire, 4 Killer Klowns, an electric golem, a storm
dragon, a black draconian, a yellow draconian (fleeing), 3 Orb Guardians and a
friendly stone giant (berserk).

Vanquished Creatures
  4 orbs of fire
  Mara (Depths:1)
  3 ancient liches (Zot:5)
  The ghost of Vuatt the Ruinous, a legendary TeCj of Ashenzari (Zot:4)
  3 Killer Klowns
  The ghost of Nisetemo the Bewitcher, a master KoEn of Dithmenos (Depths:2)
  A caustic shrike (Depths:2)
  The ghost of Jumualoph the Eclecticist, a veteran GnWz of Ashenzari (Depths:2)
  Nikola (Vaults:2)
  the Enchantress (Depths:2)
  8 golden dragons
  A profane servitor (Abyss:1)
  An electric golem (Zot:5)
  16 tentacled monstrosities
  3 liches
  22 Orb Guardians (Zot:5)
  A quicksilver dragon (Zot:4)
  5 tentacled starspawn
  3 death cobs
  A sphinx (Vaults:3)
  An ancient champion (Vaults:2)
  5 shadow dragons
  2 Executioners (Abyss:3)
  Kirke (Lair:4)
  5 tengu reavers
  Roxanne (Swamp:1)
  9 storm dragons
  An azure jelly (Swamp:4)
  3 draconian knights
  7 fire giants
  4 frost giants
  2 deep elf sorcerers (Vaults:1)
  5 ghost moths
  6 emperor scorpions (Spider:4)
  3 draconian shifters
  Louise (Swamp:3)
  An orc warlord (Vaults:3)
  4 cacodemons (Abyss:3)
  11 vault wardens
  An iron dragon (Depths:4)
  4 draconian scorchers
  Aizul (Swamp:3)
  A deep elf elementalist (Depths:2)
  2 draconian stormcallers (Zot:4)
  A curse skull (Zot:3)
  2 ghouls
  A draconian annihilator (Zot:5)
  12 ironheart preservers
  A war gargoyle (Vaults:2)
  17 very ugly things
  2 reapers
  6 spriggan defenders
  An entropy weaver (shapeshifter) (Vaults:3)
  15 stone giants
  A vampire knight (Depths:2)
  5 yellow draconians
  6 green draconians
  4 entropy weavers
  3 deep elf annihilators
  2 deep elf demonologists
  6 spark wasps (Depths:3)
  8 white draconians
  4 purple draconians
  5 red draconians
  7 black draconians
  2 crystal guardians
  2 deep elf death magi (Vaults:1)
  2 merfolk javelineers (Depths:4)
  7 fire dragons
  11 ettins
  Josephine (Lair:4)
  7 yaktaur captains
  13 hydras
  7 great orbs of eyes
  Harold (Lair:1)
  11 ice dragons
  Erolcha (Orc:2)
  A catoblepas (D:13)
  11 vault guards
  The ghost of Zikhu the Thaumaturge, a journeyman DEEE of Vehumet (D:15)
  4 death knights
  A hell beast (Depths:1)
  A shambling mangrove (Swamp:1)
  10 alligators
  14 centaur warriors
  7 ghost crabs (Swamp:3)
  7 rakshasas
  3 spriggan air magi
  13 ogre magi
  An anaconda (shapeshifter) (Depths:4)
  32 two-headed ogres
  A queen ant (Lair:4)
  A death yak (shapeshifter) (Depths:2)
  3 tengu warriors
  2 orc high priests (Vaults:3)
  8 deep troll earth magi
  6 deep troll shamans
  Urug (Lair:4)
  2 spriggan berserkers
  A sun demon (Depths:1)
  2 soul eaters
  8 deep elf knights
  8 thrashing horrors
  A fire crab (shapeshifter) (Vaults:4)
  A shadow wraith (Vaults:4)
  4 wretched stars
  5 iron trolls
  3 sixfirhies (Abyss:3)
  A fire crab (D:13)
  2 hell knights (Depths:2)
  The ghost of SirRappy the Thaumaturge, a novice GnWn (D:6)
  9 unseen horrors
  2 spriggan druids (Swamp:3)
  7 wizards
  31 deep trolls
  8 glowing orange brains
  A skeletal warrior (Vaults:3)
  A swamp dragon (shapeshifter) (Depths:5)
  2 phantasmal warriors (Vaults:2)
  A shadow demon (Abyss:3)
  3 flayed ghosts
  5 swamp dragons
  An obsidian statue (Zot:2)
  An anaconda skeleton (Abyss:3)
  5 deep elf archers
  8 harpies
  3 necromancers
  21 ironbrand convokers
  14 orb spiders
  19 orc knights
  32 wolf spiders
  15 deep elf magi
  50 ugly things
  A mana viper (shapeshifter) (Vaults:4)
  3 manticores
  9 orc sorcerers
  14 cyclopes
  2 oklob plants (Zot:2)
  15 elephants
  A shining eye (Abyss:3)
  12 moths of wrath
  2 worldbinders
  A human zombie (Vaults:4)
  5 apocalypse crabs (Swamp:3)
  15 vault sentinels
  A rust devil (Depths:1)
  2 naga magi (D:15)
  5 gargoyles
  A torpor snail (shapeshifter) (Abyss:3)
  30 spiny frogs
  2 orange demons
  2 torpor snails
  A smoke demon (Abyss:3)
  4 black mambas
  Psyche (D:10)
  8 komodo dragons
  A redback zombie (D:15)
  2 yaktaurs (shapeshifter)
  7 centaur skeletons
  13 demonic crawlers
  An efreet (Abyss:2)
  A rime drake (shapeshifter) (Depths:2)
  15 freezing wraiths
  47 yaktaurs
  A rime drake (Lair:2)
  A tormentor (Abyss:3)
  A catoblepas skeleton (Abyss:3)
  2 human skeletons (Vaults:4)
  4 tengu conjurers
  6 ancient zymes (Abyss:3)
  15 tyrant leeches
  A red devil (Depths:3)
  A polar bear (shapeshifter) (Vaults:4)
  A merfolk (D:8)
  7 trolls
  40 jumping spiders
  A polar bear (Lair:4)
  18 hornets
  A meliai (D:13)
  A queen bee (Lair:3)
  2 meliai (shapeshifter)
  7 bog bodies
  24 blink frogs
  53 slime creatures
  A stone giant simulacrum (Vaults:2)
  27 large abominations
  20 raiju
  A raiju (shapeshifter) (Vaults:2)
  8 hippogriffs
  A frost giant simulacrum (Vaults:3)
  4 dream sheep (Lair:4)
  2 centaur simulacra
  7 spriggans
  A vampire (D:14)
  87 redbacks
  2 spriggans (shapeshifter)
  3 shadows
  10 water elementals
  7 flying skulls
  4 ynoxinuls
  2 yaks (shapeshifter)
  A tarantella (shapeshifter) (Depths:1)
  11 wraiths
  70 yaks
  Sigmund (D:3)
  6 starcursed masses (Abyss:3)
  8 hogs
  20 tarantellas
  3 wyverns
  2 basilisks (Lair:4)
  A basilisk (shapeshifter) (Abyss:3)
  A human (shapeshifter) (Depths:3)
  A human (D:14)
  2 golden eyes (Abyss:3)
  6 hungry ghosts
  27 vampire mosquitoes
  5 chaos spawn
  4 neqoxecs
  A steam dragon (D:13)
  5 swamp worm simulacra (Swamp:4)
  A soldier ant (shapeshifter) (Vaults:2)
  Menkaure (D:5)
  13 swamp worms
  2 acid dragons (Vaults:2)
  8 soldier ants (Lair:4)
  7 wargs
  A swamp worm (shapeshifter) (Abyss:3)
  2 floating eyes (Depths:2)
  An acid dragon (shapeshifter) (Vaults:3)
  13 hydra simulacra (Swamp:4)
  9 water moccasins
  Duvessa (D:5)
  49 orc warriors
  5 porcupines
  13 swamp drakes
  7 ice beasts
  A deep troll simulacrum (Depths:1)
  13 black bears
  10 eyes of draining
  15 boggarts
  3 sky beasts
  27 ogres
  18 centaurs
  A wolf (shapeshifter) (Depths:2)
  15 crocodiles
  10 wolves
  4 big kobolds
  42 bullfrogs
  A wyvern zombie (D:14)
  2 gnoll sergeants (D:8)
  Dowan (D:5)
  2 wyvern skeletons
  31 small abominations
  A scorpion (D:13)
  27 killer bees
  A human simulacrum (Vaults:1)
  A howler monkey (D:6)
  8 electric eels
  5 crimson imps
  5 centaur zombies
  4 bullfrog zombies
  A jelly (D:9)
  42 orc wizards
  Crazy Yiuf (D:2)
  22 orc priests
  A bullfrog skeleton (D:13)
  4 gnoll shamans (D:8)
  4 hounds
  2 iron imps (Abyss:3)
  Jessica (D:2)
  Terence (D:2)
  An iguana (D:11)
  Natasha (D:2)
  24 worker ants
  4 lightning spires (Zot:2)
  A killer bee zombie (D:8)
  A hound skeleton (D:4)
  2 hound zombies
  8 gnolls
  15 adders
  7 shadow imps
  3 white imps
  3 swamp drake simulacra (Swamp:4)
  3 ufetubi
  An ooze (D:7)
  3 adder skeletons
  3 adder zombies
  2 worms
  3 dart slugs
  6 leopard geckos
  115 orcs
  8 bats
  9 giant cockroaches
  14 goblins
  8 hobgoblins
  9 jackals
  4 quokkas
  5 frilled lizards
  7 kobolds
  2 quokka skeletons
  8 rats
  A bush (D:8)
  16 butterflies (Vaults:2)
  A fungus (Lair:4)
  9 plants
  3 starspawn tentacles (Abyss:3)
2282 creatures vanquished.

Vanquished Creatures (others)
  A fire giant (Depths:3)
  A spriggan druid (Swamp:3)
  An unseen horror (D:11)
  An ugly thing (Depths:1)
  2 tyrant leeches (Swamp:4)
  A jumping spider (Spider:1)
  A hornet (Swamp:3)
  3 spriggans (Swamp:3)
  3 vampire mosquitoes (Swamp:4)
  An ogre (Vaults:4)
  A boggart (Vaults:1)
  A bush (Lair:3)
  16 fungi
  A lurking horror (Abyss:3)
  61 plants
  24 starspawn tentacles (Abyss:3)
119 creatures vanquished.

Grand Total: 2401 creatures vanquished

Notes
Turn   | Place    | Note
-------+----------+-------------------------------------------
     0 | D:1      | devtcp the Minotaur Berserker began the quest for the Orb.
     0 | D:1      | Reached XP level 1. HP: 19/19 MP: 0/0
   132 | D:1      | Reached XP level 2. HP: 25/27 MP: 1/1
   703 | D:2      | Noticed Terence
   723 | D:2      | Killed Terence
   723 | D:2      | Reached XP level 3. HP: 34/34 MP: 0/2
   869 | D:2      | Found a shimmering blue altar of Sif Muna.
   916 | D:2      | Noticed Jessica
   921 | D:2      | Reached ** piety under Trog
   925 | D:2      | Reached XP level 4. HP: 39/41 MP: 3/3
   929 | D:2      | Killed Jessica
  1068 | D:2      | Noticed Natasha
  1075 | D:2      | Killed Natasha
  1189 | D:2      | Reached XP level 5. HP: 47/47 MP: 4/4
  1227 | D:2      | Reached skill level 5 in Fighting
  1239 | D:2      | Found a runed translucent door.
  1240 | D:2      | Noticed Crazy Yiuf
  1247 | D:2      | Killed Crazy Yiuf
  1247 | D:2      | Reached skill level 5 in Axes
  1689 | D:3      | Found a white marble altar of Elyvilon.
  1811 | D:3      | Reached *** piety under Trog
  1818 | D:3      | Noticed Sigmund
  1833 | D:3      | Killed Sigmund
  1833 | D:3      | Reached skill level 5 in Armour
  1833 | D:3      | Reached XP level 6. HP: 38/57 MP: 2/5
  2018 | D:3      | Found a basalt altar of Yredelemnul.
  2387 | D:4      | Reached skill level 1 in Polearms
  2439 | D:4      | Found a runed translucent door.
  2494 | D:4      | Noticed anet's ghost (amateur GnHu)
  2500 | D:4      | Found an iron altar of Okawaru.
  2648 | D:4      | Noticed an ice beast
  2650 | D:4      | Killed an ice beast
  2650 | D:4      | Reached XP level 7. HP: 63/63 MP: 6/6
  2881 | D:4      | Found a shadowy altar of Dithmenos.
  3249 | D:5      | Entered Level 5 of the Dungeon
  3283 | D:5      | Noticed Menkaure
  3286 | D:5      | Killed Menkaure
  3286 | D:5      | Reached skill level 5 in Polearms
  3290 | D:5      | Reached XP level 8. HP: 73/73 MP: 3/7
  3384 | D:5      | Noticed Duvessa
  3384 | D:5      | Noticed Dowan
  3387 | D:5      | Killed Duvessa
  3389 | D:5      | Killed Dowan
  3811 | D:5      | Found Virad's Distillery.
  3937 | D:6      | Reached **** piety under Trog
  3958 | D:6      | Reached XP level 9. HP: 77/81 MP: 8/8
  4008 | D:6      | Found a staircase to the Ecumenical Temple.
  4299 | D:6      | Found a bloodstained altar of Trog.
  4522 | D:6      | Found a runed translucent gate.
  4524 | D:6      | Found a runed translucent gate.
  4524 | D:6      | Found an opulent altar of Gozag.
  4526 | D:6      | Found a runed translucent gate.
  4526 | D:6      | Noticed SirRappy's ghost (novice GnWn)
  4535 | D:6      | Killed SirRappy's ghost
  4535 | D:6      | Reached skill level 10 in Polearms
  4785 | D:7      | Reached ***** piety under Trog
  4840 | D:7      | Found a transporter.
  4865 | D:7      | Found a transporter.
  4878 | D:7      | Gained mutation: You expend magic power (3 MP) to
                  | strengthen your wands. [potion of mutation]
  4878 | D:7      | Gained mutation: Your flesh is heat resistant. (rF+)
                  | [potion of mutation]
  5029 | D:7      | Killed an unseen horror
  5029 | D:7      | Reached XP level 10. HP: 81/93 MP: 9/9
  5135 | D:7      | You fall into a shaft and drop 1 floor!
  5689 | D:7      | Found a burning altar of Makhleb.
  5749 | D:7      | Got a bloodstained trident
  5750 | D:7      | Identified the +7 trident of the Fifty Ships {protect, rF+
                  | Int+4 Dex+6} (You found it on level 7 of the Dungeon)
  5915 | D:8      | Reached skill level 10 in Fighting
  6029 | D:8      | Reached skill level 10 in Armour
  6119 | D:8      | You fall into a shaft and drop 2 floors!
  6119 | D:10     | Entered Level 10 of the Dungeon
  6160 | D:8      | Noticed a two-headed ogre
  6170 | D:8      | Killed a two-headed ogre
  6757 | D:8      | Reached XP level 11. HP: 71/101 MP: 7/10
  7381 | D:8      | Received a gift from Trog
  7426 | D:8      | Found a sacrificial altar of Ru.
  8584 | D:9      | Found a radiant altar of Vehumet.
  8811 | D:9      | Found a staircase to the Orcish Mines.
  8869 | D:9      | Noticed a two-headed ogre
  8878 | D:9      | Killed a two-headed ogre
  8983 | Orc:1    | Entered Level 1 of the Orcish Mines
  8983 | Orc:1    | Found Avayfuc's Distillery.
  8993 | Orc:1    | Noticed a two-headed ogre
  9056 | D:9      | Killed a two-headed ogre
  9159 | Orc:1    | Bought a potion of heal wounds for 70 gold pieces
  9159 | Orc:1    | Bought a potion of heal wounds for 70 gold pieces
  9164 | Orc:1    | Noticed an orc knight
  9180 | D:9      | Killed an orc knight
  9248 | Orc:1    | Received a gift from Trog
  9293 | Orc:1    | Found a roughly hewn altar of Beogh.
 10066 | Orc:2    | Entered Level 2 of the Orcish Mines
 10078 | Orc:2    | Noticed Erolcha
 10088 | Orc:2    | Killed Erolcha
 10088 | Orc:2    | Reached XP level 12. HP: 95/113 MP: 11/11
 10129 | Orc:2    | Reached skill level 5 in Dodging
 10242 | Orc:2    | Found Lyosettu's Assorted Antiques.
 10269 | Orc:2    | Bought an embroidered cloak for 247 gold pieces
 10302 | Orc:2    | Found a staircase to the Elven Halls.
 10513 | Orc:2    | Found a roughly hewn altar of Beogh.
 10813 | Orc:2    | Found Yngyid's Antique Armour Shop.
 10824 | Orc:2    | Received a gift from Trog
 10833 | Orc:2    | Bought a shiny chain mail for 187 gold pieces
 10881 | Orc:2    | Found an ancient bone altar of Kikubaaqudgha.
 10899 | Orc:2    | Found Wehetel's Gadget Boutique.
 10910 | Orc:2    | Noticed an ogre mage
 10918 | Orc:2    | Killed an ogre mage
 10950 | Orc:2    | Noticed an ogre mage
 10951 | Orc:2    | Found a roughly hewn altar of Beogh.
 10952 | Orc:2    | Found Jalugg's Book Shop.
 11041 | Orc:2    | Paralysed by an orc sorcerer for 4 turns
 11266 | Orc:2    | Found Warphub's Magic Scroll Shop.
 11277 | Orc:2    | Killed an ogre mage
 11308 | Orc:2    | Found a radiant altar of Vehumet.
 11581 | Elf:1    | Entered Level 1 of the Elven Halls
 11998 | D:10     | Noticed Psyche
 12006 | D:10     | Killed Psyche
 12768 | D:12     | You fall into a shaft and drop 1 floor!
 12962 | D:13     | Noticed an ogre mage
 12990 | D:13     | Killed an ogre mage
 12990 | D:13     | Reached ****** piety under Trog
 12990 | D:13     | Received a gift from Trog
 12990 | D:13     | Reached XP level 13. HP: 116/122 MP: 12/12
 13010 | D:13     | Reached skill level 10 in Axes
 13686 | D:13     | Got a dazzling cloak
 13770 | D:13     | Identified the +5 cloak "Uboirchu" {rPois rF++ rC+ Dex-2}
                  | (You found it on level 13 of the Dungeon)
 13849 | D:13     | Identified the +8 flail of World Downfall {speed, rC- rN+++
                  | MR+ MP+9}
 14037 | D:13     | Found Saaragif's Book Boutique.
 14431 | Temple   | Entered the Ecumenical Temple
 15115 | D:12     | Found a bloodstained altar of Trog.
 17524 | D:11     | Found a gateway to a bazaar.
 17664 | D:11     | Received a gift from Trog
 17677 | D:11     | Found a staircase to the Lair.
 17848 | Bazaar   | Entered a bazaar
 17848 | Bazaar   | Found Larups's Armour Emporium.
 17848 | Bazaar   | Found Othrucyp's Gadget Shop.
 17848 | Bazaar   | Found Qeluy's Distillery.
 17851 | Bazaar   | Found Visol's Book Boutique.
 17925 | Bazaar   | Bought the cursed +1 plate armour of the Garden {+Fly
                  | Str+3} for 606 gold pieces
 18024 | Lair:1   | Entered Level 1 of the Lair of Beasts
 18164 | Lair:1   | Noticed Harold
 18171 | Lair:1   | Killed Harold
 18246 | Lair:1   | Got a smoking long sword
 18247 | Lair:1   | Identified the +4 long sword of Division {drain, rF++ rN+}
                  | (You found it on level 1 of the Lair of Beasts)
 19275 | Lair:2   | Reached XP level 14. HP: 126/133 MP: 13/13
 19754 | Lair:3   | Reached skill level 10 in Dodging
 19804 | Lair:3   | Received a gift from Trog
 19875 | Lair:3   | Found a hole to the Spider Nest.
 20007 | Lair:3   | Reached skill level 15 in Fighting
 20254 | Lair:3   | Reached skill level 15 in Armour
 20858 | Lair:4   | Noticed Urug
 20880 | Lair:4   | Killed Urug
 20892 | Lair:4   | Noticed Kirke
 21121 | Lair:4   | HP: 2/135 [harpy[Kirke] (13)]
 21591 | Lair:4   | Killed Kirke
 21749 | Lair:4   | Noticed Josephine
 21765 | Lair:4   | Killed Josephine
 21774 | Lair:4   | Received a gift from Trog
 22106 | Lair:4   | Got an iridescent dagger {god gift}
 22107 | Lair:4   | Identified the +12 dagger of Trog's Supremacy {flame,
                  | Int+2} (Trog gifted it to you on level 4 of the Lair of
                  | Beasts)
 22160 | Lair:4   | Noticed an entropy weaver
 22165 | Lair:4   | Noticed an entropy weaver
 22176 | Lair:4   | Killed an entropy weaver
 22181 | Lair:4   | Killed an entropy weaver
 22426 | Lair:4   | Reached skill level 5 in Short Blades
 22614 | Lair:4   | Found a staircase to the Swamp.
 22731 | Lair:5   | Found a viscous altar of Jiyva.
 22732 | Lair:5   | Found a staircase to the Slime Pits.
 23084 | Lair:5   | Received a gift from Trog
 23412 | Lair:6   | Entered Level 6 of the Lair of Beasts
 23573 | Lair:6   | Reached XP level 15. HP: 139/143 MP: 14/14
 24106 | Lair:6   | Got crude ice dragon scales
 24107 | Lair:6   | Identified the +9 ice dragon scales of the Wilderness {rF-
                  | rC++ Str+2 Dex+3} (You found it on level 6 of the Lair of
                  | Beasts)
 24294 | Lair:6   | Received a gift from Trog
 26084 | D:14     | Found a gate to the Vaults.
 26238 | D:15     | Entered Level 15 of the Dungeon
 26544 | D:15     | Received a gift from Trog
 26749 | D:15     | Found a transporter.
 26752 | D:15     | Noticed Zikhu's ghost (journeyman DEEE)
 26753 | D:15     | Noticed a fire giant
 26768 | D:15     | Found a transporter.
 26783 | D:15     | Killed Zikhu's ghost
 26790 | D:15     | Killed a fire giant
 26790 | D:15     | Reached XP level 16. HP: 155/155 MP: 15/15
 27728 | D:15     | Found a staircase to the Depths.
 27777 | Depths:1 | Entered Level 1 of the Depths
 27777 | Depths:1 | Noticed a tengu reaver
 28077 | Spider:1 | Entered Level 1 of the Spider Nest
 28520 | Spider:1 | Received a gift from Trog
 29341 | Spider:1 | Got a smoking robe
 29352 | Spider:1 | Identified the +1 robe of the Dropbear {*Slow rElec rF++
                  | MR+} (You found it on level 1 of the Spider Nest)
 29815 | Spider:2 | Received a gift from Trog
 29841 | Spider:2 | Got a slimy rapier
 29842 | Spider:2 | Identified the +6 rapier of Caympith {vorpal, rF- rN+
                  | Int+2} (You found it on level 2 of the Spider Nest)
 30077 | Spider:2 | Identified a scroll of acquirement
 30078 | Spider:2 | Identified the amulet "Liyxu" {+Blink rPois Regen+ Str-4
                  | Dex+5} (You acquired it on level 2 of the Spider Nest)
 31207 | Spider:3 | Received a gift from Trog
 31527 | Spider:4 | Entered Level 4 of the Spider Nest
 31658 | Spider:4 | Reached XP level 17. HP: 130/166 MP: 16/16
 32025 | Spider:4 | Reached skill level 15 in Dodging
 32639 | Spider:4 | Got a gossamer rune of Zot
 32999 | Spider:4 | Received a gift from Trog
 33006 | Spider:4 | Got an ancient executioner's axe {god gift}
 33007 | Spider:4 | Identified the +13 executioner's axe "Pycor" {flame, +Rage
                  | Int+2} (Trog gifted it to you on level 4 of the Spider
                  | Nest)
 33671 | Swamp:1  | Entered Level 1 of the Swamp
 34102 | Swamp:1  | Received a gift from Trog
 34201 | Swamp:1  | Identified Roxanne's Reference Book on Transformation
 34201 | Swamp:1  | Noticed Roxanne
 34220 | Swamp:1  | Killed Roxanne
 34887 | Swamp:2  | Received a gift from Trog
 35006 | Swamp:2  | Reached skill level 15 in Axes
 35768 | Swamp:3  | Noticed Louise
 35793 | Swamp:3  | Killed Louise
 35974 | Swamp:3  | Noticed Aizul
 35990 | Swamp:3  | Killed Aizul
 35990 | Swamp:3  | Reached XP level 18. HP: 143/176 MP: 17/17
 36533 | Swamp:3  | Found a runed translucent door.
 36834 | Swamp:3  | Paralysed by you for 3 turns
 37135 | Swamp:4  | Entered Level 4 of the Swamp
 37267 | Swamp:4  | Received a gift from Trog
 37360 | Swamp:4  | Got a decaying rune of Zot
 38309 | Vaults:1 | Entered Level 1 of the Vaults
 38373 | Vaults:1 | Found Axtaohau's Armour Emporium.
 38513 | Vaults:1 | Received a gift from Trog
 38584 | Vaults:1 | Found Doproe Hennu's Food Shoppe.
 38795 | Vaults:1 | Found Ikli Toyck's Magic Scroll Emporium.
 39007 | Vaults:1 | Received a gift from Trog
 39922 | Vaults:1 | Received a gift from Trog
 40320 | Vaults:2 | Reached XP level 19. HP: 182/182 MP: 18/18
 40650 | Vaults:2 | Noticed Nikola
 40668 | Vaults:2 | Killed Nikola
 40793 | Vaults:2 | Received a gift from Trog
 40993 | Vaults:2 | Found Anuis's Antique Weapon Shop.
 41083 | Vaults:2 | Found a huge runed gate.
 41083 | Vaults:2 | Found a huge runed gate.
 41083 | Vaults:2 | Found a huge runed gate.
 41083 | Vaults:2 | Found a huge runed gate.
 41083 | Vaults:2 | Found a huge runed gate.
 41083 | Vaults:2 | Found a huge runed gate.
 41084 | Vaults:2 | Found a huge runed gate.
 41084 | Vaults:2 | Found a huge runed gate.
 41084 | Vaults:2 | Found a huge runed gate.
 41084 | Vaults:2 | Found a huge runed gate.
 41228 | Vaults:2 | Found a huge runed gate.
 41228 | Vaults:2 | Found a huge runed gate.
 41228 | Vaults:2 | Found a huge runed gate.
 41228 | Vaults:2 | Found a huge runed gate.
 41228 | Vaults:2 | Found a huge runed gate.
 41228 | Vaults:2 | Found a huge runed gate.
 41229 | Vaults:2 | Found a huge runed gate.
 41230 | Vaults:2 | Found a huge runed gate.
 41386 | Vaults:2 | Got a heavily runed bronze ring
 41404 | Vaults:2 | Identified the ring of Ovehuj {*Slow Int+2 SInv Stlth+}
                  | (You found it on level 2 of the Vaults)
 41575 | Vaults:2 | Received a gift from Trog
 41579 | Vaults:2 | Identified the +0 hat "Niqoz" {Dex+3 Stlth+} (You acquired
                  | it on level 2 of the Vaults)
 41591 | Vaults:2 | Got a scorched halberd {god gift}
 41592 | Vaults:2 | Identified the +3 halberd of Dishonour {flame, rPois Str+3}
                  | (Trog gifted it to you on level 2 of the Vaults)
 42653 | Vaults:3 | Received a gift from Trog
 43132 | Vaults:3 | Reached XP level 20. HP: 191/191 MP: 19/19
 43331 | Vaults:3 | Found Zablyr's Jewellery Shoppe.
 43539 | Vaults:3 | Bought the cursed ring "Zar Ut Ecub" {*Corrode rF+ rC-
                  | rN+++ Dex-2} for 340 gold pieces
 43539 | Vaults:3 | Bought the ring "Kugoew" {MR+ Str+7 Int+3 SInv Stlth-} for
                  | 1004 gold pieces
 43911 | Vaults:2 | Received a gift from Trog
 44484 | Vaults:4 | Received a gift from Trog
 45636 | Vaults:4 | Received a gift from Trog
 46648 | D:15     | Received a gift from Trog
 47412 | Depths:1 | Found a gateway to Hell.
 47463 | Depths:1 | Got a heavily runed scale mail
 47519 | Depths:1 | Identified the +2 scale mail of Makhleb's Envy {MR+ rCorr
                  | Str+2} (You found it on level 1 of the Depths)
 47566 | Depths:1 | Noticed Mara
 47573 | Depths:1 | Noticed devtcp's illusion
 47577 | Depths:1 | Killed Mara
 47577 | Depths:1 | Reached XP level 21. HP: 200/200 MP: 20/20
 47658 | Depths:1 | You fall into a shaft and drop 1 floor!
 47719 | Depths:1 | Noticed the Enchantress
 47748 | Depths:2 | Killed the Enchantress
 47949 | Depths:2 | Received a gift from Trog
 48454 | Depths:2 | Found a runed translucent gate.
 48454 | Depths:2 | Found a runed translucent gate.
 48454 | Depths:2 | Found a runed translucent gate.
 48575 | Depths:2 | Noticed Jumualoph's ghost (veteran GnWz)
 48575 | Depths:2 | Noticed Nisetemo's ghost (master KoEn)
 48606 | Depths:2 | Killed Nisetemo's ghost
 48618 | Depths:2 | Killed Jumualoph's ghost
 48678 | Depths:2 | Got a faintly glowing silver ring
 48680 | Depths:2 | Identified the ring "Boutze Iwko" {*Tele MR+} (You found it
                  | on level 2 of the Depths)
 48747 | Depths:2 | Found a one-way gate to the infinite horrors of the Abyss.
 48763 | Depths:2 | Received a gift from Trog
 48824 | Depths:2 | Paralysed by a floating eye for 3 turns
 48831 | Depths:2 | Paralysed by a floating eye for 3 turns
 48844 | Depths:2 | Paralysed by a floating eye for 3 turns
 49618 | Depths:2 | Received a gift from Trog
 49875 | Depths:2 | Noticed a golden dragon
 49879 | Depths:2 | Killed a golden dragon
 50127 | Depths:2 | Found the +3 salamander hide armour {+Rage rF++}
 50275 | Depths:2 | Noticed a caustic shrike
 50288 | Depths:2 | Killed a caustic shrike
 50358 | Depths:2 | Noticed a golden dragon
 50366 | Depths:2 | Killed a golden dragon
 50366 | Depths:2 | Reached XP level 22. HP: 202/211 MP: 21/21
 50894 | Depths:3 | Found a one-way gate leading to the halls of Pandemonium.
 51148 | Depths:3 | Received a gift from Trog
 51161 | Depths:3 | Got a crystal halberd {god gift}
 51164 | Depths:3 | Identified the +8 halberd of Disembowelment {vorpal, Dex+4}
                  | (Trog gifted it to you on level 3 of the Depths)
 51868 | Depths:3 | Found Adenwassor's Gadget Emporium.
 51869 | Depths:3 | Found Uguereh's Jewellery Shop.
 51871 | Depths:3 | Found Liafohym's Gadget Emporium.
 52131 | Depths:4 | Received a gift from Trog
 52394 | Depths:4 | Found a gateway to a ziggurat.
 53087 | Depths:4 | Got an ominously black robe
 53088 | Depths:4 | Identified the +2 robe of the Carpenter {rC+ Str+4 Slay+2}
                  | (You found it on level 4 of the Depths)
 53448 | Depths:5 | Entered Level 5 of the Depths
 53448 | Depths:5 | Noticed a golden dragon
 53463 | Depths:5 | Killed a golden dragon
 53470 | Depths:5 | Found Tirgh's Mayhem Merchandise.
 53683 | Depths:5 | Received a gift from Trog
 53814 | Depths:5 | Noticed a golden dragon
 53833 | Depths:5 | Killed a golden dragon
 53980 | Depths:5 | Found a gate to the Realm of Zot.
 54007 | Depths:5 | Reached XP level 23. HP: 219/223 MP: 22/22
 54561 | Depths:4 | Voluntarily entered the Abyss.
 54838 | Abyss:2  | Paralysed by accursed screaming for 1 turns
 54951 | Abyss:3  | Found a corrupted altar of Lugonu.
 55010 | Abyss:3  | Received a gift from Trog
 55023 | Abyss:3  | Paralysed by accursed screaming for 1 turns
 55025 | Abyss:3  | Paralysed by accursed screaming for 1 turns
 55028 | Abyss:3  | Paralysed by accursed screaming for 2 turns
 55030 | Abyss:3  | HP: 7/224 [smoke demon/divine providence (15)]
 55246 | Abyss:3  | Paralysed by accursed screaming for 1 turns
 55820 | Abyss:3  | Gained mutation: You do not regenerate when monsters are
                  | visible. [a cacodemon]
 55865 | Abyss:3  | Gained mutation: You tend to lose your temper in combat. [a
                  | cacodemon]
 55911 | Abyss:3  | Received a gift from Trog
 55968 | Abyss:3  | Gained mutation: You are clumsy. (Dex -2) [a shining eye]
 56059 | Abyss:3  | Got an abyssal rune of Zot
 56308 | Abyss:3  | Gained mutation: Your magical capacity is low. (-10% MP) [a
                  | neqoxec]
 56429 | Depths:4 | Escaped the Abyss
 56936 | D:5      | Bought 2 potions of flight for 90 gold pieces
 56936 | D:5      | Bought a potion of cancellation for 120 gold pieces
 56936 | D:5      | Bought a potion of haste for 150 gold pieces
 56936 | D:5      | Bought a potion of resistance for 150 gold pieces
 56936 | D:5      | Bought a potion of berserk rage for 75 gold pieces
 56936 | D:5      | Bought a potion of curing for 45 gold pieces
 56936 | D:5      | Bought a potion of berserk rage for 75 gold pieces
 56936 | D:5      | Bought a potion of heal wounds for 75 gold pieces
 56936 | D:5      | Bought a potion of curing for 45 gold pieces
 56936 | D:5      | Bought a potion of haste for 150 gold pieces
 56936 | D:5      | Bought a potion of curing for 45 gold pieces
 56936 | D:5      | Bought a potion of curing for 45 gold pieces
 56936 | D:5      | Bought a potion of heal wounds for 75 gold pieces
 56936 | D:5      | Bought a potion of heal wounds for 75 gold pieces
 57233 | Vaults:1 | Bought a scroll of enchant armour for 127 gold pieces
 57233 | Vaults:1 | Bought a scroll of teleportation for 51 gold pieces
 57499 | Orc:1    | Bought 2 potions of might for 112 gold pieces
 57499 | Orc:1    | Bought a potion of might for 56 gold pieces
 57499 | Orc:1    | Bought a potion of curing for 42 gold pieces
 57611 | Orc:2    | Bought a scroll of teleportation for 45 gold pieces
 58003 | Zot:1    | Entered Level 1 of the Realm of Zot
 58050 | Zot:1    | Received a gift from Trog
 58342 | Zot:2    | Noticed an orb of fire
 58348 | Zot:2    | Gained mutation: Your body sometimes deteriorates upon
                  | taking damage. [an orb of fire]
 58353 | Zot:2    | Gained mutation: You are dopey. (Int -2) [an orb of fire]
 58358 | Zot:2    | Killed an orb of fire
 59108 | Zot:2    | Reached XP level 24. HP: 236/236 MP: 19/19
 59112 | Zot:2    | Noticed an orb of fire
 59127 | Zot:2    | Killed an orb of fire
 59986 | Zot:5    | Entered Level 5 of the Realm of Zot
 60498 | Zot:4    | Received a gift from Trog
 60891 | Zot:4    | Noticed an orb of fire
 60892 | Zot:4    | Lost mutation: You do not regenerate when monsters are
                  | visible. [an orb of fire]
 60893 | Zot:4    | Gained mutation: Your magical capacity is very low. (-20%
                  | MP) [an orb of fire]
 60902 | Zot:4    | Gained mutation: Scrolls take you a little longer to read.
                  | [an orb of fire]
 60907 | Zot:4    | Killed an orb of fire
 61149 | Zot:4    | Noticed a Killer Klown
 61163 | Zot:4    | Killed a Killer Klown
 61344 | Zot:4    | Found a runed translucent door.
 61344 | Zot:4    | Noticed Vuatt's ghost (legendary TeCj)
 61368 | Zot:4    | Killed Vuatt's ghost
 61627 | Zot:5    | Got an ancient chain mail
 61630 | Zot:5    | Identified the cursed +0 chain mail of Dramatic Exits {+Fly
                  | rN+} (You found it on level 5 of the Realm of Zot)
 61949 | Zot:5    | Noticed an orb of fire
 61949 | Zot:5    | Noticed a Killer Klown
 61950 | Zot:5    | Noticed an ancient lich
 61955 | Zot:5    | Lost mutation: You tend to lose your temper in combat. [an
                  | orb of fire]
 61961 | Zot:5    | Gained mutation: You tend to lose your temper in combat.
                  | [an orb of fire]
 61963 | Zot:5    | Killed an orb of fire
 61969 | Zot:5    | Killed an ancient lich
 61969 | Zot:5    | Reached XP level 25. HP: 247/247 MP: 3/17
 61990 | Zot:5    | Killed a Killer Klown
 62088 | Zot:5    | Noticed a Killer Klown
 62111 | Zot:5    | Killed a Killer Klown
 62184 | Zot:5    | Noticed an ancient lich
 62193 | Zot:5    | Killed an ancient lich
 62464 | Zot:5    | Received a gift from Trog
 62550 | Zot:5    | Noticed an ancient lich
 62559 | Zot:5    | Killed an ancient lich
 62618 | Zot:5    | Noticed a Killer Klown
 62622 | Zot:5    | Noticed an orb of fire
 62630 | Zot:5    | Noticed a Killer Klown
 62632 | Zot:5    | Gained mutation: Your magical capacity is extremely low.
                  | (-30% MP) [an orb of fire]
 62633 | Zot:5    | Noticed a Killer Klown
 62637 | Zot:5    | Noticed a Killer Klown
 62640 | Zot:5    | Lost mutation: Scrolls take you a little longer to read.
                  | [an orb of fire]
 62644 | Zot:5    | HP: 4/250 [Orb Guardian (23)]
 62645 | Zot:5    | Killed from afar by an orb of fire

Levels and vault maps discovered:
D:1:      dpeg_arrival_pits, layout_basic, minmay_split_cup_small
D:2:      layout_basic, led_sif_pool, serial_forest, infiniplex_forest_split,
          infiniplex_forest_side_room, infiniplex_forest_3_way,
          infiniplex_forest_clump_double, infiniplex_forest_lined_room_,
          infiniplex_forest_join, uniq_terence, uniq_crazy_yiuf_cottage,
          uniq_jessica, uniq_natasha
D:3:      layout_rooms, kennysheep_ying_yang, uniq_sigmund
D:4:      layout_loops_corners, lemuel_crystal_altar, first_ration,
          hellmonk_ghost_happy_afterlife, grunt_dithmenos_smoke_and_mirrors
D:5:      layout_basic, serial_shops, shop_coins, uniq_duvessa, uniq_menkaure
D:6:      layout_basic, minmay_temple_entry_statues_pillars,
          ebering_ghost_gozag, trog_eyes_of_draining
D:7:      gammafunk_steamed_eel, layout_basic, kennysheep_mini_moat
D:8:      kennysheep_town
D:9:      layout_gridville, nicolae_overflow_crystal_walls, orc_0_dummy,
          blue_anna_alchemist [blue_anna_fruit_fields, blue_anna_fruit_fields],
          chequers_serial_rivers_large_a
D:10:     layout_basic, serial_glass, glass_columns_a, glass_columns_c,
          uniq_psyche
D:11:     layout_basic, erik_lair_dragon, serial_shops, bzr_entry_customers
D:12:     layout_irregular_city, basic_altar
D:13:     minmay_the_grid_square_5x5_4x4_mashed
          [minmay_the_grid_square_5x5_doubleslash,
          minmay_the_grid_square_5x5_one_wall, minmay_the_grid_square_5x5_plus,
          minmay_the_grid_square_5x5_n_small,
          minmay_the_grid_square_5x5_shrine2,
          minmay_the_grid_square_5x5_prize_waves,
          minmay_the_grid_square_5x5_prize_deathbox,
          minmay_the_grid_square_5x5_inverted_slash,
          minmay_the_grid_square_5x5_shrine1,
          minmay_the_grid_square_5x5_prize_itemx,
          minmay_the_grid_square_5x5_prize_junk,
          minmay_the_grid_square_5x5_comb, minmay_the_grid_square_5x5_hourglass,
          minmay_the_grid_square_5x5_half_checkered,
          minmay_the_grid_square_5x5_eight, minmay_the_grid_square_5x5_six],
          layout_long_grid, serial_shops, shop, evilmike_butchery
D:14:     layout_rooms, grunt_vaults_entry_fortified
D:15:     grunt_enter_depths_magical_seal, layout_cave_pods,
          gammafunk_ghost_arena, corexii_hall_statues_l
Temple:   eino_wide_crystal_templ
Lair:1:   layout_small_grid, uniq_harold
Lair:2:   layout_regular_city
Lair:3:   layout_roguey [special_room_bee], nicolae_spider_entry_tight_spaces
Lair:4:   layout_roguey, minmay_swamp_entry_worms, minmay_another_anthill,
          grunt_megastairs_3, uniq_kirke, uniq_urug, uniq_josephine
Lair:5:   layout_loops_ring, slime_altar_1, grunt_megastairs_5,
          infiniplex_staircase_pool
Lair:6:   minmay_lair_end_frog_pond, layout_long_grid,
          hangedman_lair_unloving_vines
Swamp:1:  layout_falls_marsh, evilmike_swamp_ruin_house_6, swamp_pool5,
          nicolae_swamp_dragon_and_kin, uniq_roxanne
Swamp:2:  layout_falls_marsh, evilmike_swamp_ruin_house_5, swamp_pool1
Swamp:3:  gammafunk_mikee_crab_dinner, layout_falls_marsh,
          evilmike_swamp_ruin_rubble_1, uniq_louise, uniq_aizul
Swamp:4:  swamp_icy, layout_basic_swamp, swamp_pool1
Spider:1: layout_chambers, hangedman_spider_mandibles
Spider:2: nicolae_spider_mines_1, guppyfry_spider_mini_2
Spider:3: layout_spider_delve, drop_trap
Spider:4: grunt_spider_rune_circles, einodemon_crawler_minivault
Orc:1:    nicolae_orc_accident_3, layout_caves, serial_shops,
          nicolae_shop_competitors_out_of_business, mines2_david
Orc:2:    kennysheep_orc_mage_school, layout_caves, serial_shops, shop,
          lemuel_statue_altar, uniq_erolcha
Elf:1:    minmay_elf_arrival_plus, layout_gridlike, minivault_28,
          eino_tiny_chamber
Vaults:1: hangedman_vaults_pinch, v_alt_pattern_4, v_alt_pattern_1,
          serial_ice_g, nicolae_vaults_little_squares_1,
          ontoclasm_vaults_hangar, serial_ice_b, nicolae_vaults_what_the_h,
          v_misc_32, nicolae_vaults_border_crossing, layout_vaults_omnigrid,
          serial_shops, nicolae_shop_trees, shop, shop_statue
Vaults:2: minmay_crypt_entry_simple_round, nicolae_vaults_network_square,
          vaults_not_door_vault_mu, ontoclasm_vaults_bender, v_misc_2,
          v_alt_pattern_5, vaults_room_mumra_shop_pool, v_misc_24, v_misc_2,
          dpeg_vaults_monster_box, vaults_room_boxed, layout_vaults_maze_snakey,
          uniq_nikola
Vaults:3: nicolae_vaults_network_barrier, hangedman_vaults_nodes,
          nicolae_vaults_circle_grid_a, nicolae_vaults_stairing_the_circle,
          special_room_vaults [special_room_orc], vaults_standard_mumra_lines,
          hangedman_vaults_river_flow, v_misc_15, nicolae_vaults_big_ls,
          layout_vaults_omnicross, serial_shops, nicolae_shop_stone
Vaults:4: vaults_room_pool, v_rooms_2, v_alt_pattern_4,
          nicolae_vaults_windows_and_doors_thing, hangedman_vaults_stream,
          v_rooms_6, grunt_vaults_twisty, vaults_room_hallway,
          vaults_room_corners, hangedman_vaults_impose, vaults_mumra_lcd,
          layout_vaults_big_room
Depths:1: layout_cave_pools, grunt_mini_vestibule, feat_on_display, uniq_mara,
          uniq_enchantress
Depths:2: little_maze_vault, layout_cave_pools, nicolae_water_bricks,
          minmay_room_of_horrors, gammafunk_ghost_cemetery, hell_entry,
          onia_ninara_cookie
Depths:3: minmay_connected_boxes_in_corner, layout_long_grid,
          nicolae_benzene_ring, rand_demon_pan_entry_5, hell_entry, drop_trap,
          hangedman_abyss_or_decor_slice, kennysheep_generic_room_5,
          minmay_shop_grove
Depths:4: kennysheep_scales, layout_twisted_cross, enter_ziggurat_a,
          minmay_fountain_box, abyss_entry_crystal, pan_entry,
          hangedman_coc_ice_floe, hangedman_abyss_or_decor_passed,
          infiniplex_staircase_x
Depths:5: evilmike_zot_entry_diamond, layout_cave_shapes, hell_entry,
          serial_bayou_ford_a, minmay_shop_mayhem,
          eino_small_chamber_without_monster
Zot:1:    layout_gridlike, skrybe_zot_glass_2
Zot:2:    evilmike_crystal_ball_defense, layout_basic, lemuel_baited_zot_trap,
          hangedman_zot_decor_scrapings, st_small_dragon_hoard_5, st_stairs_1,
          lemuel_elevator
Zot:3:    layout_gridlike
Zot:4:    layout_misc_corridors, ebering_ghost_inner_flame, grunt_megastairs_4
Zot:5:    layout_basic

Skill      XL: |  1  2  3  4  5  6  7  8  9 10 11 12 13 14 15 16 17 18 19 20 21 22 23 24 25 |
---------------+----------------------------------------------------------------------------+-----
Axes           | 4 5 7 9 11 15 19 23 25 | 25.1
Fighting       | 4 5 6 7 8 9 10 12 13 14 15 17 18 19 20 22 23 24 25 | 25.3
Armour         | 3 4 5 6 7 9 10 12 13 14 15 17 18 19 20 22 23 24 25 | 25.2
Polearms       | 2 5 8 10 12 13 | 13.5
Dodging        | 4 7 9 11 13 14 15 16 17 18 20 21 22 | 22.2
Short Blades   | 6 |  6.0

Action                   |  1- 3 |  4- 6 |  7- 9 | 10-12 | 13-15 | 16-18 | 19-21 | 22-24 | 25-27 || total
-------------------------+-------+-------+-------+-------+-------+-------+-------+-------+-------++-------
Melee: Hand axe          |    71 |    88 |       |       |       |       |       |       |       ||   159
       Headbutt          |    15 |    17 |    37 |   187 |   521 |   442 |   258 |   280 |    30 ||  1787
       Scythe            |       |    14 |   211 |    17 |       |       |       |       |       ||   242
       Trident           |       |       |       |   722 |  1526 |   970 |       |       |       ||  3218
       Unarmed           |       |       |       |       |     1 |       |       |       |       ||     1
       Executioner's axe |       |       |       |       |       |   637 |   977 |   911 |   108 ||  2633
Invok: Berserk           |     1 |     3 |     6 |     6 |     6 |    12 |    12 |    13 |     1 ||    60
       Trog's Hand       |       |       |     2 |     3 |     5 |     3 |     3 |     6 |     2 ||    24
       Brothers in Arms  |       |       |       |       |       |       |       |       |     2 ||     2
 Abil: Evoke Flight      |       |       |       |       |       |     1 |       |       |       ||     1
Evoke: Wand              |       |       |       |       |     1 |     1 |       |       |       ||     2
  Use: Scroll            |     1 |     2 |     2 |     7 |    23 |     8 |     5 |    18 |     4 ||    70
       Potion            |       |       |     2 |     7 |     8 |     4 |     2 |    12 |     7 ||    42
 Stab: Held in net/web   |       |       |       |       |       |     3 |       |       |       ||     3
       Confused          |       |       |       |       |       |     1 |       |       |       ||     1
       Petrifying        |       |       |       |       |       |     2 |       |       |       ||     2
       Paralysed         |       |       |       |       |       |     2 |       |       |       ||     2
       Sleeping          |       |       |       |       |       |       |     2 |       |       ||     2
       Distracted        |       |       |       |       |       |       |     1 |       |       ||     1
  Eat: Chunk             |     1 |     8 |    11 |    20 |    24 |    16 |    18 |     7 |       ||   105
       Ration            |       |       |     1 |     4 |     8 |    13 |     8 |    13 |     1 ||    48
Armor: Animal skin       |     6 |       |       |       |       |       |       |       |       ||     6
       Scale mail        |    16 |    22 |   108 |    24 |    21 |       |       |       |       ||   191
       Plate armour      |       |       |       |    55 |   278 |    11 |       |       |       ||   344
       Chain mail        |       |       |       |   137 |    43 |       |       |       |       ||   180
       Ice dragon scales |       |       |       |       |   127 |   884 |   342 |   252 |       ||  1605
       Ring mail         |       |       |       |       |     3 |       |       |       |       ||     3
       Gold dragon scale |       |       |       |       |       |       |       |    98 |    80 ||   178
Dodge: Dodged            |    48 |    43 |    88 |   207 |   759 |  1618 |   761 |   716 |   107 ||  4347

Table legend:
 A = Non-vault XP
 B = Vault XP
 C = Vault XP percentage of total XP
 D = Non-vault monster count
 E = Vault monster count
 F = Vault count percentage of total count
                 A         B        C        D         E       F
            +---------+---------+-------+---------+---------+-------
      Total |  686790 |  551903 |  44.6 |    1445 |     814 |  36.0
            +---------+---------+-------+---------+---------+-------
        D:1 |      25 |       5 |  16.7 |      15 |       3 |  16.7
        D:2 |      65 |     149 |  69.6 |      23 |       4 |  14.8
        D:3 |     118 |     212 |  64.2 |      30 |       1 |   3.2
        D:4 |     379 |       0 |   0.0 |      16 |       0 |   0.0
        D:5 |    1035 |     388 |  27.3 |      19 |       3 |  13.6
        D:6 |    1178 |    1313 |  52.7 |      39 |       8 |  17.0
        D:7 |    1195 |     111 |   8.5 |      19 |       2 |   9.5
        D:8 |    2045 |    4619 |  69.3 |      33 |      37 |  52.9
        D:9 |    5240 |     365 |   6.5 |      35 |       4 |  10.3
       D:10 |    1949 |     404 |  17.2 |      15 |       1 |   6.2
       D:11 |    4726 |     561 |  10.6 |      16 |       7 |  30.4
       D:12 |    2217 |       0 |   0.0 |      21 |       0 |   0.0
       D:13 |    6698 |   11296 |  62.8 |      24 |      28 |  53.8
       D:14 |    6339 |    7507 |  54.2 |      27 |      10 |  27.0
       D:15 |   17026 |   10336 |  37.8 |      31 |      18 |  36.7
     Lair:1 |    2670 |    1013 |  27.5 |      16 |       1 |   5.9
     Lair:2 |    6899 |       0 |   0.0 |      22 |       0 |   0.0
     Lair:3 |    5020 |    3825 |  43.2 |      16 |      34 |  68.0
     Lair:4 |    6085 |   12902 |  68.0 |      24 |      49 |  67.1
     Lair:5 |    5583 |    1618 |  22.5 |      21 |       5 |  19.2
     Lair:6 |   13664 |   10614 |  43.7 |      49 |      45 |  47.9
    Swamp:1 |   14225 |    3354 |  19.1 |      42 |       7 |  14.3
    Swamp:2 |   16099 |       0 |   0.0 |      37 |       0 |   0.0
    Swamp:3 |   11773 |   11796 |  50.0 |      25 |      14 |  35.9
    Swamp:4 |    4572 |    8166 |  64.1 |      14 |      28 |  66.7
   Spider:1 |   17264 |       0 |   0.0 |      58 |       0 |   0.0
   Spider:2 |    6590 |    2644 |  28.6 |      19 |      10 |  34.5
   Spider:3 |   18112 |       0 |   0.0 |      51 |       0 |   0.0
   Spider:4 |    9916 |   27805 |  73.7 |      30 |      46 |  60.5
      Orc:1 |    1767 |     804 |  31.3 |      28 |      10 |  26.3
      Orc:2 |    2375 |    8013 |  77.1 |      36 |      35 |  49.3
   Vaults:1 |   27093 |   26876 |  49.8 |      57 |      40 |  41.2
   Vaults:2 |   41495 |   26377 |  38.9 |      62 |      48 |  43.6
   Vaults:3 |   31348 |   31387 |  50.0 |      47 |      52 |  52.5
   Vaults:4 |   28526 |   27254 |  48.9 |      57 |      43 |  43.0
   Depths:1 |   32625 |   15783 |  32.6 |      46 |      15 |  24.6
   Depths:2 |   18155 |   81500 |  81.8 |      31 |      68 |  68.7
   Depths:3 |   23481 |   29695 |  55.8 |      28 |      26 |  48.1
   Depths:4 |   35412 |    8041 |  18.5 |      38 |       7 |  15.6
   Depths:5 |   31655 |   18859 |  37.3 |      31 |      10 |  24.4
      Zot:1 |   18539 |       0 |   0.0 |      12 |       0 |   0.0
      Zot:2 |   31295 |   13548 |  30.2 |      18 |       9 |  33.3
      Zot:3 |    5726 |    1552 |  21.3 |       2 |       1 |  33.3
      Zot:4 |   65659 |   12466 |  16.0 |      28 |       6 |  17.6
      Zot:5 |   42345 |  106906 |  71.6 |      22 |      29 |  56.9
    Abyss:1 |    3314 |       0 |   0.0 |       1 |       0 |   0.0
    Abyss:2 |    8270 |       0 |   0.0 |      16 |       0 |   0.0
    Abyss:3 |   49003 |   21839 |  30.8 |      98 |      50 |  33.8
            +---------+---------+-------+---------+---------+-------
